 Dungeon Crawl Stone Soup version 0.18-a0-1225-g5d63bca (webtiles) character file.

85 abixa the Slasher (level 4, -2/33 HPs)
             Began as a Human Gladiator on Feb 3, 2016.
             Slain by a gnoll
             ... wielding a +0 club
              (8 damage)
             ... on level 2 of the Dungeon.
             The game lasted 00:05:00 (1452 turns).

abixa the Slasher (Human Gladiator)                 Turns: 1452, Time: 00:05:01

Health: -2/33      AC:  7    Str: 16    XL:     4   Next: 75%
Magic:  4/4        EV: 15    Int:  8    God:
Gold:   46         SH:  0    Dex: 14    Spells: 0 memorised, 3 levels left

rFire  . . .     SeeInvis .     a - +0 long sword
rCold  . . .     Gourm    +     r - +2 leather armour {rPois}
rNeg   . . .     Faith    .     (no shield)
rPois  +         Spirit   .     c - +0 helmet
rElec  .         Dismiss  .     (no cloak)
rCorr  .         Reflect  .     (no gloves)
SustAt .         Harm     .     C - +0 pair of boots
MR     .....                    i - amulet of the gourmand
Stlth  +.........               (no ring)
                                E - +2 ring of evasion

@: not resistant to hostile enchantments, very unstealthy
A: no striking features
a: no special abilities


You were on level 2 of the Dungeon.
You were not hungry.

You visited 1 branch of the dungeon, and saw 3 of its levels.

You collected 46 gold pieces.

Inventory:

Hand Weapons
 a - a +0 long sword (weapon)
 w - a +0 spear
Missiles
 d - 3 throwing nets
 e - 45 stones
 g - 5 tomahawks
 j - 18 bolts
 p - 2 javelins (quivered)
 y - 12 bolts of frost
Armour
 b - a +0 leather armour
 c - a +0 helmet (worn)
 o - a +0 chain mail
 r - a +2 leather armour of poison resistance (worn)
 C - a +0 pair of boots (worn)
Jewellery
 i - an amulet of the gourmand (around neck)
 E - a +2 ring of evasion (left hand)
Scrolls
 l - a scroll of enchant weapon {unknown}
 n - a scroll of recharging {unknown}
 t - 2 scrolls of fear {unknown}
 u - a scroll of amnesia {unknown}
 B - a scroll of remove curse {unknown}
 F - a scroll of identify {unknown}
 G - a scroll of blinking {unknown}
Potions
 h - 3 potions of agility {unknown}
 m - a potion of brilliance {unknown}
 q - a potion of heal wounds {unknown}
 s - a potion of curing {unknown}
 v - a potion of flight {unknown}
 x - a potion of magic {unknown}
 z - a potion of cure mutation {unknown}
Comestibles
 f - a bread ration
 k - 2 meat rations
 A - a beef jerky
 D - a slice of pizza


   Skills:
 - Level 2.0 Fighting
 + Level 5.1 Long Blades
 - Level 2.0 Throwing
 - Level 3.0 Dodging


You had 3 spell levels left.
You didn't know any spells.

Dungeon Overview and Level Annotations

Branches:
Dungeon (3/15)

Altars:
Cheibriados
Elyvilon
The Shining One


Message History

You closely miss the gnoll.
The gnoll is lightly wounded.
The gnoll closely misses you. The gnoll barely misses you.
You hit the gnoll.
The gnoll is moderately wounded.
The gnoll hits you from afar with a spear!
The gnoll closely misses you. The gnoll hits you but does no damage.
The gnoll hits you with a club.
* * * LOW HITPOINT WARNING * * *
The gnoll hits you from afar with a spear.
* * * LOW HITPOINT WARNING * * *
You climb upwards.
There is a stone staircase leading down here.
You aren't carrying any items that can be evoked.
The gnoll misses you.
A gnoll is nearby!
A gnoll is nearby!
There is a stone staircase leading up here.
The gnoll hits you with a club!
You die...

#.........#.##........#.#
#########.#######.#.##........#.#
.........>....................#.#
.#############......#.#########.#
..............................#.#
###############.....#.#######.#.#
..)...................<..#<##.#.#
###############g######.#.#†##.#.#
#..@......#.#....#.#
#.........#.######.#
#.........#.# #.#
####...........# #.#
#..............# #.#
#.##...........# #.#
#.###...###.#..# ####..
#.#≈≈...≈≈#.#..###.....
#.#≈..♣†.≈#.#..........


You could see a gnoll.

Vanquished Creatures
  The ghost of ololoev the Firebug, a weakling DEFE (D:3)
  A gnoll (D:3)
  2 adders (D:2)
  3 bats
  4 giant cockroaches
  3 goblins
  5 hobgoblins
  9 jackals (D:2)
  A quokka (D:2)
  A ball python (D:1)
  2 giant newts (D:2)
  7 kobolds
  3 rats (D:2)
42 creatures vanquished.

Notes
Turn   | Place    | Note
--------------------------------------------------------------
     0 | D:1      | abixa the Human Gladiator began the quest for the Orb.
     0 | D:1      | Reached XP level 1. HP: 16/16 MP: 1/1
   324 | D:1      | Reached XP level 2. HP: 22/22 MP: 2/2
   550 | D:2      | Reached skill level 4 in Long Blades
   550 | D:2      | Reached XP level 3. HP: 15/27 MP: 3/3
   718 | D:2      | Found a white marble altar of Elyvilon.
   854 | D:2      | Found a snail-covered altar of Cheibriados.
   964 | D:2      | Found a glowing golden altar of the Shining One.
  1135 | D:2      | Reached XP level 4. HP: 33/33 MP: 4/4
  1249 | D:3      | Noticed ololoev's ghost (weakling DEFE)
  1257 | D:3      | Killed ololoev's ghost
  1286 | D:2      | Reached skill level 5 in Long Blades
  1452 | D:2      | Slain by a gnoll

Vault maps used:
D:1:      dpeg_arrival_erosion
D:2:      cheibriados_altar_1, elyvilon_altar_4, nicolae_tso_swordbearing_angel
D:3:      nicolae_overflow_crystal_walls

Action                   |  1- 3 |  4- 6 || total
-------------------------+-------+-------++-------
Melee: Long sword        |   124 |    43 ||   167
Throw: Stone             |     2 |       ||     2
       Javelin           |       |     2 ||     2
  Eat: Chunk             |     2 |       ||     2
